 Dungeon Crawl Stone Soup version 0.28.0-53-g5a82cb258f (webtiles) character file.

Game seed: 1032872643970572412

90423 cbfl8 the Warrior (level 15, -10/220 HPs)
             Began as a Minotaur Berserker on July 16, 2022.
             Was the Champion of Trog.
             Mangled by a tyrant leech (11 damage)
             ... on level 6 of the Lair of Beasts.
             The game lasted 00:39:45 (24416 turns).

cbfl8 the Warrior (Minotaur Berserker)             Turns: 24416, Time: 00:39:46

Health: -10/220    AC:  3    Str: 23    XL:     15   Next: 52%
Magic:  14/14      EV: 18    Int:  4    God:    Trog [******]
Gold:   1902       SH:  0    Dex: 22    Spells: 14/14 levels left

rFire   . . .      SeeInvis .   P - +5 battleaxe (flame)
rCold   . . .      Faith    .   (shield currently unavailable)
rNeg    . . .      Spirit   .   Z - +2 plate armour {rPois}
rPois   +          Reflect  .   (helmet restricted)
rElec   .          Harm     .   O - +2 cloak
rCorr   .          Rampage  .   g - +0 pair of gloves
Will    +....                   Q - +0 pair of boots
Stlth   ..........              x - amulet of regeneration
HPRegen 1.26/turn               H - +6 ring of dexterity
MPRegen 0.14/turn               I - +4 ring of evasion

@: berserking, corroded, quick
A: horns 2, retaliatory headbutt
a: Renounce Religion, Berserk, Trog's Hand, Brothers in Arms


You were on level 6 of the Lair of Beasts.
You worshipped Trog.
Trog was exalted by your worship.
You visited 4 branches of the dungeon, and saw 24 of its levels.
You also visited: Ossuary.

You collected 2050 gold pieces.
You spent 148 gold pieces at shops.

Inventory:

Hand Weapons
 w - a +2 antimagic demon trident
 P - a +5 battleaxe of flaming (weapon)
 X - a +4 antimagic battleaxe
Armour
 g - a +0 pair of gloves (worn)
 t - a scarf of invisibility
 O - a +2 cloak (worn)
 Q - a +0 pair of boots (worn)
 Z - a +2 plate armour of poison resistance (worn)
Jewellery
 a - a ring of protection from cold
 e - a +6 ring of intelligence
 l - an amulet of reflection
 x - an amulet of regeneration (around neck)
 H - a +6 ring of dexterity (left hand)
 I - a +4 ring of evasion (right hand)
 L - a ring of see invisible
 R - a ring of fire
 U - a ring of ice
 W - a ring of willpower
Wands
 b - a wand of charming (6)
 v - a wand of paralysis (33)
 A - a wand of mindburst (15)
 F - a wand of iceblast (9)
 G - a wand of acid (14)
 K - a wand of polymorph (6)
 T - a wand of flame (18)
Scrolls
 c - 9 scrolls of teleportation
 d - 2 scrolls of immolation
 f - 3 scrolls of blinking
 j - 7 scrolls of enchant armour
 m - 4 scrolls of fog
 o - a scroll of torment {unknown}
 p - 3 scrolls of summoning
 r - 3 scrolls of noise
 y - a scroll of holy word
 B - a scroll of brand weapon {unknown}
 C - 5 scrolls of fear
 E - 3 scrolls of magic mapping
 N - 2 scrolls of enchant weapon
Potions
 h - 6 potions of attraction
 i - a potion of might {unknown}
 k - 10 potions of mutation
 n - 5 potions of lignification
 q - 7 potions of curing
 s - a potion of resistance {unknown}
 u - a potion of invisibility {unknown}
 z - 7 potions of heal wounds
 D - 7 potions of ambrosia
 J - a potion of flight {unknown}
 M - 2 potions of berserk rage
 S - a potion of haste {unknown}
 Y - a potion of cancellation
Miscellaneous
 V - a condenser vane


   Skills:
 * Level 17.1 Fighting
 + Level 16.3(17.7) Axes
 + Level 11.4(15.3) Polearms
 + Level 11.8 Armour
 * Level 12.1 Dodging
 + Level 1.4 Stealth
 + Level 2.4 Shields
 * Level 10.1 Evocations


You had 14 spell levels left.
You didn't know any spells.
Your spell library was empty.

Dungeon Overview and Level Annotations

Branches:
Dungeon (15/15)            Temple (0/1) D:6            Lair (6/6) D:11
 Shoals (0/4) Lair:3        Snake (0/4) Lair:3          Orc (2/2) D:11
    Elf (1/3) Orc:2        Vaults (0/5) D:13         Depths (0/4) D:15
Ossuary (visited)
  Slime: Lair:5-6

Altars:
Cheibriados
Elyvilon
Fedhas
Hepliaklqana
Kikubaaqudgha
Nemelex Xobeh
Qazlal
Ru
Vehumet
Xom
Yredelemnul
Beogh

Shops:
D:4 ?   Orc:1 *   Orc:2 *(((


Innate Abilities, Weirdness & Mutations

You have a pair of horns on your head.
You reflexively headbutt those who attack you in melee.


Message History

Your unstable footing causes you to fumble your attack.
The blink frog blinks!
The tyrant leech bites you.
The tyrant leech draws strength from your injuries!
The goliath frog hits you from afar! The acid corrodes you!
You are splashed with acid!
Unknown command.
You are too berserk!
You barely miss the tyrant leech.
The tyrant leech is lightly wounded.
You slash the blink frog! You burn the blink frog. You hit the tyrant leech.
You burn the tyrant leech. The blink frog closely misses you.
The tyrant leech bites you!
* * * LOW HITPOINT WARNING * * *
The tyrant leech draws strength from your injuries!
You closely miss the tyrant leech.
The tyrant leech is lightly wounded.
You slash the tyrant leech! You burn the tyrant leech.
You closely miss the blink frog.
The goliath frog hits you but does no damage.
The tyrant leech bites you!!
* * * LOW HITPOINT WARNING * * *
The tyrant leech draws strength from your injuries!
The blink frog hits you!
* * * LOW HITPOINT WARNING * * *
You miss the tyrant leech.
The tyrant leech is moderately wounded.
You slash the blink frog! You burn the blink frog. You hit the tyrant leech.
You burn the tyrant leech. You slash the blink frog! You burn the blink frog.
The goliath frog hits you from afar!!
* * * LOW HITPOINT WARNING * * *
The acid corrodes you!
You are splashed with acid!
* * * LOW HITPOINT WARNING * * *
The blink frog completely misses you.
You slice the blink frog!! You burn the blink frog.
You kill the blink frog!
Trog accepts your kill.
You closely miss the tyrant leech. You hit the blink frog.
You burn the blink frog. You slash the tyrant leech! You burn the tyrant leech.
The tyrant leech bites you!
You die...

≈≈≈≈≈≈≈≈≈≈.....
≈≈≈≈≈≈≈≈PP≈.....
≈≈≈≈≈≈≈P≈.P≈....
≈≈≈≈≈≈≈≈≈≈..≈.....
≈P≈≈≈≈≈≈P≈≈........
≈≈≈≈≈≈≈≈≈≈......... ≈≈≈
≈≈≈≈≈≈F.w†..≈...... P≈≈
≈≈≈≈≈≈≈w@F......... ≈≈#
≈≈≈≈≈≈≈§...P≈...... ≈###
≈≈≈≈≈≈≈............ ≈P≈#P≈
≈≈≈≈≈.P....≈.......
≈P≈≈≈≈≈≈.P....≈####.........
..≈...≈.....P###............
.≈.≈.≈..≈≈.###..............
............................
............................


You could see 2 tyrant leeches, a goliath frog and a blink frog.

Vanquished Creatures
  Kirke (Lair:4)
  Roxanne (D:15)
  Josephine (D:11)
  Fannar (D:11)
  6 hydras
  A catoblepas (Lair:4)
  3 centaur warriors
  A tengu warrior (D:14)
  2 two-headed ogres
  Urug (D:12)
  5 orc high priests (Orc:2)
  A death yak (Lair:4)
  4 skeletal warriors (D:15)
  A steelbarb worm (shapeshifter) (D:15)
  Pikel (D:7)
  A deep elf zephyrmancer (Elf:1)
  4 deep elf pyromancers
  7 orc knights
  A wolf spider (D:15)
  2 orc sorcerers (Orc:1)
  13 ugly things
  3 cyclopes
  2 manticores
  5 elephants (Lair:6)
  9 black mambas
  A naga mage (D:15)
  A gargoyle (D:10)
  An ice statue (D:9)
  A yaktaur (shapeshifter) (D:15)
  2 unseen horrors
  16 cane toads
  3 torpor snails
  4 rime drakes
  14 komodo dragons
  2 efreet
  A queen bee (shapeshifter) (D:15)
  5 trolls
  Prince Ribbit (Lair:3)
  21 slime creatures
  Grinder (D:6)
  15 blink frogs
  A snapping turtle (Lair:3)
  8 dream sheep
  A spriggan (shapeshifter) (D:14)
  A vampire (D:9)
  7 wraiths
  A jumping spider (shapeshifter) (D:15)
  A wyvern (Lair:4)
  A basilisk (Lair:2)
  42 yaks
  4 hogs (Lair:4)
  Grum (D:8)
  15 vampire mosquitoes
  2 steam dragons
  3 acid dragons
  Edmund (D:4)
  7 nagas (Lair:3)
  28 water moccasins
  A swamp drake (Lair:5)
  33 orc warriors
  An ice beast (D:8)
  A black bear (shapeshifter) (D:15)
  A necrophage (D:5)
  2 sky beasts
  7 black bears
  11 ogres
  16 wolves
  3 centaurs
  A phantom (D:5)
  4 lemures (D:7)
  7 kobold brigands
  2 gnoll sergeants
  15 bullfrogs
  2 water moccasin zombies (D:5)
  3 scorpions
  The ghost of firemarshallily the Ruffian, a weakling TrMo (D:3)
  17 killer bees
  16 wights
  2 howler monkeys
  6 electric eels
  4 centaur zombies
  2 hounds
  2 jellies
  34 orc priests
  2 bullfrog skeletons
  A centaur skeleton (D:4)
  An iguana (D:4)
  Jessica (D:3)
  A scorpion zombie (D:5)
  23 orc wizards
  A killer bee zombie (D:7)
  A mummy (Ossuary)
  8 howler monkey zombies
  10 gnolls
  2 adders (D:2)
  A white imp (D:6)
  An ufetubus (D:7)
  3 worms
  A dart slug (D:1)
  66 orcs
  4 spectral bats (Ossuary)
  5 endoplasms
  3 giant cockroaches
  8 goblins
  4 hobgoblins
  7 jackals
  20 kobolds
  6 quokkas
  7 ball pythons
  2 bats
  A bat simulacrum (Ossuary)
  12 gnoll zombies (Ossuary)
  6 goblin zombies (Ossuary)
  2 hobgoblin zombies (Ossuary)
  4 kobold simulacra (Ossuary)
  4 kobold zombies (Ossuary)
  6 orc zombies (Ossuary)
  A quokka skeleton (D:4)
  2 rats (D:3)
  2 rat simulacra (Ossuary)
  2 spectral goblins (Ossuary)
  4 spectral kobolds (Ossuary)
  5 spectral rats (Ossuary)
724 creatures vanquished.

Vanquished Creatures (collateral kills)
  A two-headed ogre (D:11)
  A wizard (D:14)
  A manticore (D:13)
  A komodo dragon (D:11)
  4 slime creatures (D:13)
  A wraith (D:13)
  A water moccasin (D:11)
  3 orc warriors
  2 black bears (D:11)
  An ogre (D:11)
  A bullfrog (D:11)
  2 gnoll sergeants (D:11)
  A scorpion (D:11)
  2 orcs
22 creatures vanquished.

Vanquished Creatures (others)
  2 wizards (D:13)
  A deep elf pyromancer (D:13)
  A yak (Lair:5)
  A rat (D:3)
  36 fungi
  66 plants
  A withered plant (D:2)
108 creatures vanquished.

Grand Total: 854 creatures vanquished

Notes
Turn   | Place    | Note
-------+----------+-------------------------------------------
     0 | D:1      | cbfl8 the Minotaur Berserker began the quest for the Orb.
     0 | D:1      | Reached XP level 1. HP: 19/19 MP: 0/0
   379 | D:1      | Reached skill level 4 in Fighting
   379 | D:1      | Reached XP level 2. HP: 22/27 MP: 1/1
  1126 | D:2      | Reached XP level 3. HP: 33/33 MP: 2/2
  1133 | D:2      | Reached ** piety under Trog
  1140 | D:2      | Found a faded altar of an unknown god.
  1390 | D:2      | Found a hazy altar of Hepliaklqana.
  1534 | D:2      | Reached skill level 5 in Axes
  1534 | D:2      | Reached XP level 4. HP: 41/41 MP: 3/3
  1948 | D:3      | Noticed Jessica
  1956 | D:3      | Killed Jessica
  2030 | D:3      | Found a shimmering altar of Xom.
  2190 | D:3      | Reached XP level 5. HP: 47/47 MP: 4/4
  2373 | D:3      | Found a runed translucent gate.
  2374 | D:3      | Found a runed translucent gate.
  2375 | D:3      | Found a runed translucent gate.
  2375 | D:3      | Noticed firemarshallily's ghost (weakling TrMo)
  2549 | D:3      | Paralysed by a kobold for 2 turns
  2557 | D:3      | Reached skill level 5 in Fighting
  2559 | D:3      | Killed firemarshallily's ghost
  2560 | D:3      | Reached XP level 6. HP: 32/56 MP: 5/5
  2835 | D:4      | Found a snail-covered altar of Cheibriados.
  2937 | D:4      | Found Viokovub's Magic Scroll Emporium.
  2945 | D:4      | Bought a scroll of identify for 20 gold pieces
  3177 | D:4      | Noticed Edmund
  3187 | D:4      | Killed Edmund
  3188 | D:4      | Reached skill level 6 in Fighting
  3188 | D:4      | Reached skill level 1 in Polearms
  3632 | D:4      | Found a sparkling altar of Nemelex Xobeh.
  3821 | D:4      | Found a white marble altar of Elyvilon.
  3926 | D:5      | Entered Level 5 of the Dungeon
  3945 | D:5      | Reached XP level 7. HP: 54/63 MP: 2/6
  4074 | D:5      | Found a sand-covered staircase.
  4079 | Ossuary  | Entered an ossuary
  4088 | Ossuary  | Reached *** piety under Trog
  4315 | Ossuary  | Reached **** piety under Trog
  4496 | D:5      | Reached skill level 1 in Evocations
  4750 | D:5      | Reached skill level 5 in Armour
  4752 | D:5      | Reached XP level 8. HP: 57/71 MP: 2/7
  4755 | D:5      | Reached skill level 7 in Fighting
  5133 | D:5      | Reached skill level 5 in Polearms
  5784 | D:6      | Found a staircase to the Ecumenical Temple.
  5833 | D:6      | Noticed Grinder
  5839 | D:6      | Killed Grinder
  5976 | D:6      | Reached XP level 9. HP: 68/81 MP: 2/8
  6015 | D:6      | Reached skill level 8 in Fighting
  6032 | D:6      | Reached ***** piety under Trog
  6727 | D:7      | Noticed Pikel
  6736 | D:7      | Killed Pikel
  6737 | D:7      | Reached skill level 5 in Dodging
  6957 | D:7      | Found a radiant altar of Vehumet.
  6991 | D:7      | Reached skill level 9 in Fighting
  7503 | D:8      | Noticed Grum
  7518 | D:8      | Received a gift from Trog
  7524 | D:8      | Killed Grum
  7598 | D:8      | Reached XP level 10. HP: 91/91 MP: 3/9
  7611 | D:8      | Noticed a cyclops
  7619 | D:8      | Killed a cyclops
  8218 | D:9      | Found a sacrificial altar of Ru.
  8570 | D:9      | Found a basalt altar of Yredelemnul.
  8579 | D:9      | Reached skill level 10 in Fighting
  8579 | D:9      | Reached skill level 1 in Shields
  8683 | D:9      | Noticed an ice statue
  8696 | D:9      | Reached skill level 5 in Evocations
  8729 | D:9      | Reached skill level 10 in Polearms
  8803 | D:9      | Found a blossoming altar of Fedhas.
  9457 | D:9      | Killed an ice statue
  9526 | D:10     | Entered Level 10 of the Dungeon
  9527 | D:10     | Noticed a gargoyle
  9535 | D:10     | Killed a gargoyle
  9568 | D:10     | Found a stormy altar of Qazlal.
  9577 | D:10     | Reached XP level 11. HP: 101/101 MP: 3/10
 10245 | D:11     | Reached skill level 11 in Fighting
 10481 | D:11     | Noticed Fannar
 10492 | D:11     | Killed Fannar
 10525 | D:11     | Noticed a two-headed ogre
 10539 | D:11     | Killed a two-headed ogre
 10554 | D:11     | Found a staircase to the Lair.
 10556 | D:11     | Received a gift from Trog
 10722 | D:11     | Noticed a two-headed ogre
 10722 | D:11     | Noticed Josephine
 10728 | D:11     | Killed a two-headed ogre
 10730 | D:11     | Killed Josephine
 11227 | D:11     | Found a staircase to the Orcish Mines.
 11242 | D:11     | Reached skill level 12 in Fighting
 11359 | D:12     | Noticed Urug
 11477 | D:12     | Reached XP level 12. HP: 89/112 MP: 11/11
 11561 | D:12     | Noticed a two-headed ogre
 11570 | D:12     | Killed a two-headed ogre
 11624 | D:12     | Killed Urug
 11701 | D:12     | Identified the +7 dagger "Tormentor" {elec, rC++}
 12855 | D:13     | Noticed an eight-headed hydra
 12860 | D:13     | Killed a four-headed hydra
 12861 | D:13     | Reached skill level 10 in Axes
 13480 | D:13     | Reached skill level 13 in Fighting
 13538 | D:13     | Found a gate to the Vaults.
 13681 | D:14     | Noticed a four-headed hydra
 13686 | D:14     | Noticed a five-headed hydra
 13690 | D:14     | Killed a one-headed hydra
 13693 | D:14     | Killed a two-headed hydra
 13870 | D:14     | Noticed a tengu warrior
 13870 | D:14     | Noticed a centaur warrior
 13879 | D:14     | Killed a centaur warrior
 13883 | D:14     | Killed a tengu warrior
 13949 | D:14     | Noticed a centaur warrior
 13957 | D:14     | Killed a centaur warrior
 13958 | D:14     | Reached XP level 13. HP: 122/122 MP: 12/12
 14026 | D:14     | Reached skill level 10 in Armour
 14256 | D:14     | Reached skill level 14 in Fighting
 14472 | D:14     | Reached skill level 10 in Dodging
 15206 | D:15     | Entered Level 15 of the Dungeon
 15346 | D:15     | Reached skill level 1 in Stealth
 15730 | D:15     | Noticed Roxanne
 15760 | D:15     | Killed Roxanne
 15853 | D:15     | Found a staircase to the Depths.
 16756 | Orc:1    | Entered Level 1 of the Orcish Mines
 17119 | Orc:1    | Received a gift from Trog
 17417 | Orc:2    | Entered Level 2 of the Orcish Mines
 17771 | Orc:2    | Found a staircase to the Elven Halls.
 17803 | Orc:2    | Reached XP level 14. HP: 133/133 MP: 13/13
 18101 | Orc:2    | Reached skill level 15 in Fighting
 18359 | Orc:2    | Received a gift from Trog
 18451 | Orc:2    | Found Kolaischay's General Store.
 18451 | Orc:2    | Found Pineum Iti's Weapon Shop.
 18452 | Orc:2    | Found Zezy's Antique Weapon Boutique.
 18452 | Orc:2    | Found Assaw's Weapon Shop.
 18864 | Orc:1    | Found Dued's General Store.
 18881 | Orc:1    | Bought a potion of cancellation for 128 gold pieces
 18973 | Orc:1    | You fall into a shaft and drop 1 floor!
 19267 | Elf:1    | Entered Level 1 of the Elven Halls
 19590 | Lair:1   | Entered Level 1 of the Lair of Beasts
 20566 | Lair:2   | You fall into a shaft and drop 2 floors!
 20693 | Lair:4   | Received a gift from Trog
 20762 | Lair:4   | Noticed Kirke
 20776 | Lair:4   | Killed Kirke
 20777 | Lair:4   | Reached skill level 15 in Axes
 21101 | Lair:4   | Found an ancient bone altar of Kikubaaqudgha.
 21467 | Lair:3   | Reached skill level 16 in Fighting
 21550 | Lair:3   | Found a staircase to the Snake Pit.
 21731 | Lair:3   | Found a staircase to the Shoals.
 22066 | Lair:3   | Noticed Prince Ribbit
 22078 | Lair:3   | Killed Prince Ribbit
 22672 | Lair:2   | Reached XP level 15. HP: 140/144 MP: 14/14
 23896 | Lair:5   | Reached ****** piety under Trog
 23896 | Lair:5   | Received a gift from Trog
 24217 | Lair:6   | Entered Level 6 of the Lair of Beasts
 24227 | Lair:6   | Reached skill level 10 in Evocations
 24233 | Lair:6   | Reached skill level 17 in Fighting
 24415 | Lair:6   | HP: 9/220 [goliath frog (21)]
 24415 | Lair:6   | HP: 1/220 [acid (8)]
 24416 | Lair:6   | Mangled by a tyrant leech

Illustrated notes

Levels and vault maps discovered:
D:1:      minmay_arrival_five_plusses, layout_basic, minmay_tiny_reverse_x
D:2:      layout_rooms, basic_altar, ebering_ecumenical_altar_petrified,
          serial_park_tiny_2, chequers_serial_rivers_room_a
D:3:      layout_basic, mainiacjoe_overflow_six_doors_small,
          gammafunk_ghost_nasty_kobolds, kennysheep_jessica_study
D:4:      layout_gridville, mainiacjoe_overflow_alcove_4,
          mainiacjoe_overflow_surrounded_room, nemelex_diamond_rough_becter,
          serial_shops, nicolae_shop_stone, serial_park_tiny_2, uniq_edmund
D:5:      layout_gridville, enter_ossuary_2
D:6:      layout_loops_cross, minmay_temple_entry_ruins, uniq_grinder
D:7:      layout_rooms, nicolae_vehumet_radiance, minmay_liquid_box,
          kennysheep_nondescript, abandoned_shop, uniq_pikel
D:8:      layout_loops_ring, feat_on_display, uniq_grum
D:9:      layout_roguey, nicolae_yredelemnul_corpse_copse, old_standard_altar,
          nicolae_ru_awakened_eye, grunt_ministairs_7, minivault_16,
          serial_bayou_lake_a
D:10:     layout_cave_pools, nicolae_qazlal_scattered_showers,
          corexii_leaking_fountain
D:11:     layout_basic, due_lair_maze_entry_diamond,
          kennysheep_orc_monster_closet_entryway, uniq_fannar, uniq_josephine
D:12:     layout_irregular_city, uniq_urug
D:13:     layout_gridville, david_vaults_1, nicolae_figureground_sparkle
D:14:     wad_pebble_path, layout_layer_cave, minmay_misc_feat_iff,
          minmay_strange_pillars, nrook_campfire, grunt_ministairs_15
D:15:     hangedman_depths_entry_try_elsewhere_first, layout_loops_ring,
          uniq_roxanne
Lair:1:   layout_regular_city, lemuel_fruit_tree
Lair:2:   layout_roguey, beast_lair_carwin_10, grunt_megastairs_2,
          serial_bayou_shore_a
Lair:3:   layout_small_grid, minmay_shoals_entry_hut,
          minmay_snake_entry_guardpost_large, grunt_megastairs_5,
          uniq_prince_ribbit2
Lair:4:   layout_regular_city, basic_altar, nicolae_lair_yak_garden, uniq_kirke
Lair:5:   beast_lair_carwin_large_4, layout_gridlike, guppyfry_lair_drakes,
          grunt_megastairs_1, serial_bayou_shore_b, infiniplex_staircase_pool
Lair:6:   minmay_lair_end_frog_pond, layout_regular_city,
          minmay_slime_entry_jelly_boxes
Orc:1:    layout_caves, serial_shops, shop, mines2_david
Orc:2:    st_orc_pillars, layout_caves
Elf:1:    elf_arrival_001, layout_geoelf_octagon, minmay_elf_annihilation,
          nicolae_concentric_dashed_squares_mild, hangedman_elf_represent,
          minmay_shop_grove, lemuel_upstairs_altar

Skill      XL: |  1  2  3  4  5  6  7  8  9 10 11 12 13 14 15 |
---------------+----------------------------------------------+-----
Axes           | 4 5 6 8 11 13 15 16 | 16.3
Fighting       | 4 5 6 7 9 10 12 13 14 16 17 | 17.1
Armour         | 3 4 5 6 7 8 9 10 11 | 11.8
Polearms       | 1 4 6 8 10 11 | 11.4
Evocations     | 2 3 4 5 6 7 8 9 10 | 10.1
Dodging        | 3 4 6 7 8 9 10 11 12 | 12.1
Shields        | 1 2 |  2.4
Stealth        | 1 |  1.4

Action                   |  1- 3 |  4- 6 |  7- 9 | 10-12 | 13-15 || total
-------------------------+-------+-------+-------+-------+-------++-------
Melee: Hand axe          |    71 |    60 |       |       |       ||   131
       Headbutt          |     9 |    17 |    51 |    99 |   171 ||   347
       Punch             |     1 |     1 |     2 |       |     1 ||     5
       Demon trident     |       |    41 |   351 |   270 |    23 ||   685
       Battleaxe         |       |       |       |   205 |   741 ||   946
Invok: Berserk           |       |     2 |     2 |     8 |    11 ||    23
       Brothers in Arms  |       |       |       |     5 |     1 ||     6
       Trog's Hand       |       |       |       |     3 |     1 ||     4
Evoke: Wand              |       |       |       |       |     3 ||     3
  Use: Scroll            |       |     2 |     3 |     7 |    15 ||    27
       Potion            |       |       |       |     3 |       ||     3
Armor: Leather armour    |    12 |       |       |       |       ||    12
       Animal skin       |     1 |       |       |       |       ||     1
       Plate armour      |    30 |    67 |   173 |   270 |   347 ||   887
Dodge: Dodged            |    37 |    27 |   116 |   319 |   589 ||  1088
Block: Buckler           |       |       |     7 |    61 |       ||    68
